 Dungeon Crawl Stone Soup version 0.23-a0-767-gdc19b93d68 (webtiles) character file.

154 Flugslaktarn the Chopper (level 5, 0/46 HPs)
             Began as a Minotaur Fighter on Jan 28, 2019.
             Was a Follower of Makhleb.
             Slain by an ogre
             ... wielding a +0 giant club
              (11 damage)
             ... on level 4 of the Dungeon.
             The game lasted 00:01:35 (1986 turns).

Flugslaktarn the Chopper (Minotaur Fighter)         Turns: 1986, Time: 00:01:36

Health: 0/46       AC: 10    Str: 22    XL:     5   Next: 13%
Magic:  4/4        EV:  5    Int:  5    God:    Makhleb [*.....]
Gold:   94         SH:  9    Dex:  9    Spells: 4/4 levels left

rFire    . . .     SeeInvis .   a - +0 war axe
rCold    + . .     Gourm    .   c - +0 shield
rNeg     . . .     Faith    .   j - +1 chain mail {rC+}
rPois    .         Spirit   .   (helmet restricted)
rElec    .         Reflect  .   (no cloak)
rCorr    .         Harm     .   (no gloves)
MR       .....                  (no boots)
Stlth    ..........             (no amulet)
HPRegen  0.15/turn              (no ring)
MPRegen  0.09/turn              (no ring)

@: no status effects
A: retaliatory headbutt, horns 2
a: Renounce Religion


You were on level 4 of the Dungeon.
You worshipped Makhleb.
Makhleb was aware of your devotion.
You were hungry.

You visited 1 branch of the dungeon, and saw 4 of its levels.

You collected 94 gold pieces.

Inventory:

Hand Weapons
 a - a +0 war axe (weapon)
Armour
 c - a +0 shield (worn)
 j - a +1 chain mail of cold resistance (worn)
Scrolls
 k - 2 scrolls of remove curse {unknown}
 l - a scroll of enchant weapon {unknown}
Potions
 b - a potion of degeneration {unknown}
 d - a potion of might {@q4}
 g - 2 potions of brilliance
 h - a potion of agility {unknown}
 i - 2 potions of flight
Comestibles
 f - 6 rations {@e1}


   Skills:
 + Level 4.1 Fighting
 * Level 5.5 Axes
 + Level 4.1 Armour
 - Level 3.6 Shields
 + Level 1.2 Invocations


You had 4 spell levels left.
You didn't know any spells.
Your spell library was empty.

Dungeon Overview and Level Annotations

Branches:
Dungeon (4/15)
 Temple: D:4-7

Altars:
Elyvilon
Makhleb
Qazlal
Ru


Innate Abilities, Weirdness & Mutations

You reflexively headbutt those who attack you in melee.
You have a pair of horns on your head.


Message History

You block the jackal's attack. You block the worker ant's attack.
You hit the jackal.
The jackal is heavily wounded.
You slash the worker ant! The jackal bites you.
* * * LOW HITPOINT WARNING * * *
The worker ant bites you but does no damage.
The jackal barely misses you.
You slash the jackal!
You kill the jackal!
Makhleb accepts your kill.
You hit the worker ant but do no damage.
The worker ant barely misses you. You furiously retaliate!
You headbutt the worker ant!
You kill the worker ant!
Makhleb accepts your kill.
You have reached level 5!
The jackal bites you but does no damage.
You closely miss the jackal. You barely miss the ogre.
The ogre hits you with a +0 giant club!
You die...

#### ..# ...
#.# #h#
#h########
#@O..<)..#
#####))....>.
#.##.#..# #.#
# # ..# ..#
..# #...


You could see an ogre and 2 jackals.

Vanquished Creatures
  A worker ant (D:4)
  6 adders
  A worm (D:2)
  2 dart slugs (D:1)
  A leopard gecko (D:2)
  6 orcs
  3 bats
  5 giant cockroaches
  6 goblins
  4 hobgoblins
  8 jackals
  5 kobolds
  2 quokkas
  A ball python (D:3)
  5 frilled lizards
  3 rats
59 creatures vanquished.

Notes
Turn   | Place    | Note
-------+----------+-------------------------------------------
     0 | D:1      | Flugslaktarn the Minotaur Fighter began the quest for the
                  | Orb.
     0 | D:1      | Reached XP level 1. HP: 19/19 MP: 0/0
    12 | D:1      | Reached skill level 3 in Axes
   127 | D:1      | Reached XP level 2. HP: 19/26 MP: 1/1
   324 | D:2      | Reached skill level 4 in Axes
   338 | D:2      | Found a stormy altar of Qazlal.
   342 | D:2      | Found a sacrificial altar of Ru.
   359 | D:2      | Reached XP level 3. HP: 18/31 MP: 2/2
   677 | D:2      | Found a burning altar of Makhleb.
   757 | D:2      | Became a worshipper of Makhleb the Destroyer
  1325 | D:3      | Reached XP level 4. HP: 40/40 MP: 3/3
  1341 | D:3      | Reached skill level 5 in Axes
  1446 | D:3      | Reached * piety under Makhleb
  1704 | D:3      | Found a white marble altar of Elyvilon.
  1950 | D:3      | Reached skill level 1 in Invocations
  1971 | D:4      | Noticed an ogre
  1985 | D:4      | Reached XP level 5. HP: 11/46 MP: 4/4
  1986 | D:4      | Slain by an ogre

Vault maps used:
D:1:      scummos_arrival_forest
D:2:      lemuel_doored_altar, bloody_makhleb, grunt_ministairs_13,
          grunt_qazlal_sundering
D:3:      elyvilon_altar_3, small_statue_intersection
D:4:      minmay_temple_entry_hall, minmay_misc_feat_doors, uniq_duvessa,
          uniq_sigmund, uniq_ijyb, uniq_grinder

Skill      XL: |  1  2  3  4 |
---------------+-------------+-----
Axes           | 3 4 5 |  5.5
Fighting       | 4 |  4.1
Armour         | 4 |  4.1
Invocations    | 1 |  1.2
Shields        | |  3.6

Action                   |  1- 3 |  4- 6 || total
-------------------------+-------+-------++-------
Melee: War axe           |   111 |    47 ||   158
       Headbutt          |    12 |     7 ||    19
  Use: Scroll            |       |     2 ||     2
  Eat: Chunk             |     1 |     2 ||     3
Armor: Scale mail        |    27 |       ||    27
       Plate armour      |    34 |       ||    34
       Chain mail        |     3 |    31 ||    34
Dodge: Dodged            |    30 |     9 ||    39
Block: Shield            |    60 |    28 ||    88

Table legend:
 A = Non-vault XP
 B = Vault XP
 C = Vault XP percentage of total XP
 D = Non-vault monster count
 E = Vault monster count
 F = Vault count percentage of total count
                 A         B        C        D         E       F
            +---------+---------+-------+---------+---------+-------
      Total |     217 |       3 |   1.4 |      57 |       2 |   3.4
            +---------+---------+-------+---------+---------+-------
        D:1 |      21 |       0 |   0.0 |      11 |       0 |   0.0
        D:2 |      66 |       3 |   4.3 |      21 |       2 |   8.7
        D:3 |      77 |       0 |   0.0 |      17 |       0 |   0.0
        D:4 |      53 |       0 |   0.0 |       8 |       0 |   0.0
            +---------+---------+-------+---------+---------+-------
